 Dungeon Crawl Stone Soup version 0.22.1-1-ga44c0e56f4 (webtiles) character file.

7374 Knicklaso the Carver (level 11, 0/84 HPs)
             Began as a Human Berserker on Sept 26, 2018.
             Was an Elder of Trog.
             Slain by Snorg (1 damage)
             ... on level 10 of the Dungeon.
             The game lasted 00:47:54 (10032 turns).

Knicklaso the Carver (Human Berserker)             Turns: 10032, Time: 00:47:56

Health: 0/84       AC: 17    Str: 20    XL:     11   Next: 36%
Magic:  11/11      EV:  5    Int:  9    God:    Trog [****..]
Gold:   765        SH: 12    Dex: 12    Spells: 10/10 levels left

rFire    . . .     SeeInvis .   a - +0 long sword
rCold    . . .     Gourm    .   H - +2 shield
rNeg     . . .     Faith    .   o - +0 plate armour
rPois    .         Spirit   .   Q - +0 helmet
rElec    .         Reflect  .   J - scarf {cloud immunity}
rCorr    .         Harm     .   i - +0 pair of gloves
MR       +....                  L - +0 pair of boots
Stlth    ..........             t - amulet of regeneration
HPRegen  0.64/turn              R - ring of protection from magic
MPRegen  0.12/turn              (no ring)

@: berserk cooldown, slowed, very slow
A: no striking features
a: Berserk, Trog's Hand, Brothers in Arms, Renounce Religion


You were on level 10 of the Dungeon.
You worshipped Trog.
Trog was greatly pleased with you.
You were very hungry.

You visited 1 branch of the dungeon, and saw 10 of its levels.

You collected 765 gold pieces.

Inventory:

Hand Weapons
 a - a +0 long sword (weapon)
 b - a +0 blowgun
 s - a +0 dire flail
 E - a +0 short sword of venom
 V - a +2 hunting sling of freezing
 X - a +1 flail of holy wrath
Missiles
 k - 9 tomahawks (quivered)
 n - 8 javelins of penetration
 B - 50 poisoned needles
 O - 3 javelins
Armour
 i - a +0 pair of gloves (worn)
 o - a +0 plate armour (worn)
 H - a +2 shield (worn)
 J - a scarf of cloud immunity (worn)
 L - a +0 pair of boots (worn)
 Q - a +0 helmet (worn)
 U - the +3 leather armour of the Eternal Fruit {rElec rC++ Dex-4 Stlth+}
   (You found it on level 9 of the Dungeon)

   It affects your dexterity (-4).
   It greatly protects you from cold.
   It insulates you from electricity.
   It makes you more stealthy.
Jewellery
 t - an amulet of regeneration (around neck)
 x - an uncursed ring of protection from cold
 z - an uncursed ring of flight
 R - a ring of protection from magic (left hand)
Wands
 f - a wand of random effects (49)
 G - a wand of iceblast (7)
 S - a wand of flame (25)
Scrolls
 d - 2 scrolls of enchant armour {unknown}
 h - 8 scrolls of identify
 j - a scroll of acquirement {unknown}
 r - 4 scrolls of teleportation
 u - 2 scrolls of random uselessness {unknown}
 v - 4 scrolls of remove curse
 w - 2 scrolls of immolation
 y - 5 scrolls of magic mapping
 A - 4 scrolls of blinking
 C - 4 scrolls of fog {unknown}
 M - a scroll of brand weapon {unknown}
 N - 2 scrolls of enchant weapon {unknown}
 W - a scroll of summoning {unknown}
Potions
 e - 2 potions of might {unknown}
 g - 4 potions of heal wounds
 l - 2 potions of haste {unknown}
 m - 2 potions of degeneration {unknown}
 p - 2 potions of lignification {unknown}
 q - 3 potions of curing
 D - 2 potions of invisibility {unknown}
 I - a potion of agility {unknown}
 K - 3 potions of flight
 P - a potion of mutation {unknown}
Comestibles
 c - 14 rations
 F - 2 chunks of flesh


   Skills:
 - Level 7.3 Fighting
 * Level 12.1 Long Blades
 + Level 7.3 Armour
 - Level 2.0 Dodging
 + Level 6.9 Shields


You had 10 spell levels left.
You didn't know any spells.
Your spell library was empty.

Dungeon Overview and Level Annotations

Branches:
Dungeon (10/15)            Temple (0/1) D:5             Orc (0/2) D:9
   Lair: D:8-11

Altars:
Dithmenos
Hepliaklqana
Kikubaaqudgha
Okawaru
Ru
Uskayaw
Xom
Yredelemnul
Zin
The Shining One
Beogh

Annotations:
D:5 exclusion: oklob sapling
D:10 Snorg, Sonja


Message History

You hit Snorg.
Snorg is almost dead.
Snorg closely misses you. You block Snorg's attack. Snorg claws you.
Snorg bites you! Snorg claws you but does no damage. Snorg claws you.
You closely miss Snorg.
Snorg is almost dead.
Snorg bites you.
You block Snorg's attack. x2; Snorg bites you.
You block Snorg's attack. Snorg claws you!
You closely miss Snorg.
Snorg is almost dead.
Snorg bites you but does no damage. You block Snorg's attack. Snorg claws you!
Snorg bites you but does no damage. You block Snorg's attack. x2
Your ogre goes berserk!
You feel quite a bit more hungry. Snorg bites you!!
* * * LOW HITPOINT WARNING * * *
Snorg claws you but does no damage. x2; You block Snorg's attack.
Snorg claws you!
* * * LOW HITPOINT WARNING * * *
Snorg claws you.
You die...

...#.....# #.'........# ####
####.....# ###........# ###'###
#####'#### # #.# ##.# # ##.#
#..# ### #..# #.## #.. #.##
####'##### #####..
#.#########..O.....####.((...
####.........'.@......##.((###(.
##....#########..T.....(.(###
#.. #..##.# #........#### #..
..###.# #....(...# #.. .## #.#
######(### #.. ## #.# #># ##.
#.# ###.# #. #.# #...# #. #.#
###'####### ###


You could see Snorg (berserk) and a friendly ogre (berserk).

Vanquished Creatures
  A two-headed ogre (D:9)
  Nergalle (D:10)
  An unseen horror (D:10)
  Joseph (D:9)
  A troll (D:10)
  2 hippogriffs
  Eustachio (D:4)
  Grum (D:10)
  A water moccasin (D:9)
  2 ice beasts
  4 ogres
  A phantom (D:7)
  5 orc warriors
  2 wolves (D:10)
  4 centaurs
  2 big kobolds (D:9)
  5 bullfrogs
  A gnoll sergeant (D:5)
  A water moccasin zombie (D:5)
  5 scorpions
  6 killer bees (D:7)
  A howler monkey (D:4)
  3 bullfrog zombies
  A centaur zombie (D:6)
  4 crimson imps
  7 hounds
  2 jellies
  9 orc wizards
  4 orc priests
  2 bullfrog skeletons
  A centaur skeleton (D:5)
  Ijyb (D:3)
  2 iguanas
  10 worker ants
  A hound skeleton (D:4)
  A worker ant zombie (D:8)
  5 adders
  5 gnolls
  A howler monkey skeleton (D:7)
  3 shadow imps
  An ooze (D:4)
  An adder skeleton (D:4)
  2 worms
  2 dart slugs
  8 leopard geckos
  47 orcs
  5 giant cockroaches
  7 goblins
  10 hobgoblins
  3 jackals (D:10)
  16 kobolds
  3 quokkas
  3 ball pythons
  4 bats
  6 frilled lizards
  A jackal skeleton (D:8)
  A jackal zombie (D:5)
  2 leopard gecko skeletons
  5 rats
238 creatures vanquished.

Vanquished Creatures (collateral kills)
  A troll (D:10)
1 creature vanquished.

Vanquished Creatures (others)
  2 plants (D:5)
2 creatures vanquished.

Grand Total: 241 creatures vanquished

Notes
Turn   | Place    | Note
-------+----------+-------------------------------------------
     0 | D:1      | Knicklaso the Human Berserker began the quest for the Orb.
     0 | D:1      | Reached XP level 1. HP: 18/18 MP: 1/1
   102 | D:1      | Reached XP level 2. HP: 21/24 MP: 2/2
   295 | D:1      | Reached XP level 3. HP: 29/29 MP: 3/3
   562 | D:2      | Reached ** piety under Trog
   670 | D:2      | Noticed a dagger
   671 | D:2      | Found a hide-covered altar of Uskayaw.
   671 | D:2      | Noticed a dagger
   693 | D:2      | Reached XP level 4. HP: 34/37 MP: 4/4
   817 | D:2      | Reached skill level 4 in Long Blades
  1390 | D:3      | Noticed Ijyb
  1441 | D:3      | Killed Ijyb
  1441 | D:3      | Reached XP level 5. HP: 42/43 MP: 5/5
  1464 | D:3      | Found a shimmering altar of Xom.
  1468 | D:3      | Found a shimmering altar of Xom.
  1469 | D:3      | Found a shimmering altar of Xom.
  1469 | D:3      | Found a shimmering altar of Xom.
  1469 | D:3      | Found a shimmering altar of Xom.
  1472 | D:3      | Found a shimmering altar of Xom.
  1472 | D:3      | Found a shimmering altar of Xom.
  1981 | D:4      | HP: 2/43 [poisoned by an orc wizard]
  1996 | D:3      | HP: 2/43 [poisoned by an orc wizard]
  2001 | D:3      | HP: 2/43 [poisoned by an orc wizard]
  2305 | D:4      | Reached XP level 6. HP: 36/50 MP: 6/6
  2352 | D:4      | Reached skill level 5 in Fighting
  2352 | D:4      | Reached skill level 5 in Long Blades
  2383 | D:4      | Reached *** piety under Trog
  2560 | D:4      | Found a basalt altar of Yredelemnul.
  2563 | D:4      | Found a hazy altar of Hepliaklqana.
  2618 | D:4      | Noticed Eustachio
  2664 | D:4      | Killed Eustachio
  2664 | D:4      | Reached XP level 7. HP: 16/57 MP: 7/7
  3147 | D:4      | You fall through a shaft for 2 floors!
  3226 | D:6      | Reached skill level 6 in Long Blades
  3314 | D:5      | Entered Level 5 of the Dungeon
  3669 | D:4      | Reached XP level 8. HP: 64/65 MP: 8/8
  3916 | D:5      | Reached skill level 7 in Long Blades
  4052 | D:5      | Found a sacrificial altar of Ru.
  4109 | D:5      | Found a staircase to the Ecumenical Temple.
  4242 | D:5      | Reached **** piety under Trog
  4570 | D:6      | Reached skill level 1 in Shields
  4954 | D:6      | Found an ancient bone altar of Kikubaaqudgha.
  5415 | D:7      | Reached skill level 8 in Long Blades
  5415 | D:7      | Reached XP level 9. HP: 42/72 MP: 9/9
  5779 | D:7      | Noticed a hippogriff
  5800 | D:7      | Killed a hippogriff
  5800 | D:7      | Reached skill level 9 in Long Blades
  6692 | D:8      | Found an iron altar of Okawaru.
  6858 | D:8      | Found a shadowy altar of Dithmenos.
  6870 | D:8      | Found a glowing silver altar of Zin.
  7020 | D:8      | Reached XP level 10. HP: 77/79 MP: 10/10
  7219 | D:8      | Reached skill level 5 in Armour
  7448 | D:9      | Noticed Joseph
  7486 | D:9      | Killed Joseph
  7486 | D:9      | Reached skill level 10 in Long Blades
  7508 | D:9      | Got a warped leather armour
  7534 | D:9      | Identified the +3 leather armour of the Eternal Fruit
                  | {rElec rC++ Dex-4 Stlth+} (You found it on level 9 of the
                  | Dungeon)
  7707 | D:9      | Reached skill level 5 in Shields
  7806 | D:9      | Found a staircase to the Orcish Mines.
  8119 | D:9      | Noticed a two-headed ogre
  8127 | D:9      | Killed a two-headed ogre
  8127 | D:9      | Reached ***** piety under Trog
  8291 | D:9      | Found a glowing golden altar of the Shining One.
  8394 | D:9      | Reached skill level 11 in Long Blades
  8558 | D:10     | Entered Level 10 of the Dungeon
  8743 | D:10     | Noticed Nergalle
  8759 | D:10     | Killed Nergalle
  8759 | D:10     | Reached XP level 11. HP: 84/84 MP: 11/11
  8765 | D:10     | Noticed Sonja
  8904 | D:10     | Noticed Grum
  8916 | D:10     | Killed Grum
  9150 | D:10     | Killed an unseen horror
  9627 | D:10     | Reached skill level 12 in Long Blades
  9660 | D:10     | Found a roughly hewn altar of Beogh.
  9969 | D:10     | Noticed Snorg
 10032 | D:10     | HP: 1/84 [Snorg (11)]
 10032 | D:10     | Slain by Snorg

Skill      XL: |  1  2  3  4  5  6  7  8  9 10 11 |
---------------+----------------------------------+-----
Fighting       | 4 5 6 7 |  7.3
Long Blades    | 4 5 6 8 9 11 12 | 12.1
Shields        | 2 4 6 |  6.9
Armour         | 3 4 6 7 |  7.3
Dodging        | |  2.0

Action                   |  1- 3 |  4- 6 |  7- 9 | 10-12 || total
-------------------------+-------+-------+-------+-------++-------
Melee: Falchion          |   106 |   124 |       |       ||   230
       Long sword        |       |    84 |   410 |   560 ||  1054
 Fire: Blowgun           |       |     3 |    10 |    15 ||    28
Throw: Tomahawk          |     2 |       |     8 |     9 ||    19
Invok: Berserk           |     1 |     3 |     6 |     6 ||    16
       Trog's Hand       |       |     2 |     3 |     4 ||     9
       Brothers in Arms  |       |       |       |     2 ||     2
Evoke: Wand              |       |       |       |     8 ||     8
  Use: Scroll            |       |       |    10 |     1 ||    11
       Potion            |       |       |       |     1 ||     1
  Eat: Chunk             |       |     5 |    20 |    14 ||    39
       Ration            |       |     1 |     1 |     1 ||     3
Armor: Animal skin       |     7 |       |       |       ||     7
       Ring mail         |    21 |     3 |       |       ||    24
       Chain mail        |       |   110 |    35 |       ||   145
       Leather armour    |       |       |    29 |       ||    29
       Plate armour      |       |       |   109 |   335 ||   444
Dodge: Dodged            |    89 |    83 |    99 |    91 ||   362
Block: Shield            |       |       |   191 |   362 ||   553
       Rpst.: Falchion   |    29 |    23 |       |       ||    52
       Long sword        |       |     9 |    32 |    22 ||    63
